Cogmind - Beta 11 X8 @@@ ROGUE MODE // 2021.12.21 @ 23:43:44 Player: PhenomPhear Result: Destroyed by G-50 Soldier with Heavy Laser Performance ------------- Evolutions (4) 2000 Regions Visited (6) 1200 Robots Destroyed (0) 0 Value Destroyed (0) 0 Prototype IDs (0) 0 Alien Tech Used (0) 0 Bonus (1325) 1325 TOTAL SCORE: 4525 Bonus ------- Pacifist 1325 Cogmind --------- Core Integrity 0/850 Matter 300/300 Energy 98/100 System Corruption 1% Temperature Cool (9) Movement Core (50) Location -6/Factory Parts ------- > --- POWER (1) -------- (None) > --- PROPULSION (2) --- (None) > --- UTILITY (10) ----- (None) > --- WEAPON (2) ------- (None) > --- INVENTORY (5) ---- (None) Peak State ------------ > --- POWER ------------ (None) > --- PROPULSION ------- (None) > --- UTILITY ---------- Drone Bay > --- WEAPON ----------- (None) > --- INVENTORY -------- (None) [Rating: 5] Favorites ----------- Power None Propulsion Flight Unit Flight Unit Flight Unit Utility Drone Bay Device Drone Bay Weapon None Build | -11 -10 -10 -9 -8 -7 -6 ------- Run | Scr Mat Min Mat Mat Fac Fac Slots Evolved 8 | . . . 2 2 2 2 Power . | . . . . . . . Propulsion . | . . . . . . . Utility 8 | . . . 2 2 2 2 Weapon . | . . . . . . . Parts Attached 2 | . . 1 . . . 1 Power . | . . . . . . . Engine . | . . . . . . . Core . | . . . . . . . Reactor . | . . . . . . . Propulsion 1 | . . 1 . . . . Treads . | . . . . . . . Leg . | . . . . . . . Wheel . | . . . . . . . Hover . | . . . . . . . Flight 1 | . . 1 . . . . Utility 1 | . . . . . . 1 Device 1 | . . . . . . 1 Storage . | . . . . . . . Processor . | . . . . . . . Hackware . | . . . . . . . Protection . | . . . . . . . Artifact . | . . . . . . . Weapon . | . . . . . . . Energy Gun . | . . . . . . . Energy Cannon . | . . . . . . . Ballistic Gun . | . . . . . . . Ballistic Cannon . | . . . . . . . Launcher . | . . . . . . . Special Weapon . | . . . . . . . Impact Weapon . | . . . . . . . Slashing Weapon . | . . . . . . . Piercing Weapon . | . . . . . . . Special Melee Weapon . | . . . . . . . Unidentified Prototypes . | . . . . . . . Parts Lost 1 | . . . 1 . . . Power . | . . . . . . . Propulsion 1 | . . . 1 . . . Utility . | . . . . . . . Weapon . | . . . . . . . Highest Loss Streak 1 | . . . 1 . . . Average Slot Usage (%) . | . . . 7 . . . Naked Turns 534 | . 5 15 15 67 184 248 Heaviest Build . | . . . . . . . Greatest Support 4 | 3 3 4 4 3 3 3 Greatest Overweight (x) . | . . . . . . . Average Overweight (x) . | . . . . . . . Largest Inventory Capacity 5 | 5 5 5 5 5 5 5 Average Capacity 5 | 5 5 5 5 5 5 5 Most Carried . | . . . . . . . Average Carried . | . . . . . . . Final Capacity 5 | 5 5 5 5 5 5 5 Final Carried . | . . . . . . . Class Distribution -------------------- 100% | Mutant Dominant Class ---------------- Mutant | -10/Mines Mutant | -9/Materials Mutant | -8/Materials Mutant | -7/Factory Mutant | -6/Factory Resources | -11 -10 -10 -9 -8 -7 -6 ----------- Run | Scr Mat Min Mat Mat Fac Fac Matter Collected 174 | . . . . . 169 5 Remotely . | . . . . . . . Salvage Created . | . . . . . . . Parts . | . . . . . . . Haulers Intercepted . | . . . . . . . Recyclers Shooed . | . . . . . . . Parts Field Recycled . | . . . . . . . Retrieved Matter . | . . . . . . . Parts Self-Destructed . | . . . . . . . Prevented . | . . . . . . . Kills | -11 -10 -10 -9 -8 -7 -6 ------- Run | Scr Mat Min Mat Mat Fac Fac Combat Hostiles Destroyed . | . . . . . . . Classes Destroyed . | . . . . . . . Best Kill Streak . | . . . . . . . Combat Bots Only . | . . . . . . . Max Kills in Single Turn . | . . . . . . . Gunslinging . | . . . . . . . Exploded . | . . . . . . . Melee . | . . . . . . . Uniques/NPCs Destroyed . | . . . . . . . Combat | -11 -10 -10 -9 -8 -7 -6 -------- Run | Scr Mat Min Mat Mat Fac Fac Damage Taken 1740 | . . . 388 269 217 866 Core 1722 | . . . 370 269 217 866 Absorbed by Shields . | . . . . . . . Core Remaining (%) 65 | 100 . 100 7 51 69 . Volleys Fired . | . . . . . . . Largest . | . . . . . . . Hottest . | . . . . . . . Shots Fired . | . . . . . . . Gun . | . . . . . . . Cannon . | . . . . . . . Launcher . | . . . . . . . Special . | . . . . . . . Kinetic . | . . . . . . . Thermal . | . . . . . . . Explosive . | . . . . . . . Electromagnetic . | . . . . . . . Robot Hit Streak . | . . . . . . . Robot Miss Streak . | . . . . . . . Penetration Max . | . . . . . . . Secondary Targets . | . . . . . . . Shots Hit Robots . | . . . . . . . Core Hits 1 | . . . 1 . . . Critical Kills . | . . . . . . . Critical Parts Destroyed . | . . . . . . . Critical Strikes . | . . . . . . . Melee Attacks . | . . . . . . . Impact . | . . . . . . . Slashing . | . . . . . . . Piercing . | . . . . . . . Sneak Attacks . | . . . . . . . Combat Hostiles . | . . . . . . . Follow-up Attacks . | . . . . . . . Damage Inflicted 61 | . . . 25 . 26 10 Guns . | . . . . . . . Cannons . | . . . . . . . Explosions . | . . . . . . . Melee . | . . . . . . . Ramming 61 | . . . 25 . 26 10 Kinetic . | . . . . . . . Thermal . | . . . . . . . Explosive . | . . . . . . . Electromagnetic . | . . . . . . . Impact . | . . . . . . . Slashing . | . . . . . . . Piercing . | . . . . . . . Highest Corruption 1 | . . . . . . 1 Average Corruption 1 | . . . . . . 1 Corruption Purged . | . . . . . . . Overload Shots . | . . . . . . . Overflow Damage . | . . . . . . . Projectiles . | . . . . . . . Explosions . | . . . . . . . Melee . | . . . . . . . Knockbacks . | . . . . . . . Impact . | . . . . . . . Kinetic . | . . . . . . . Secondary . | . . . . . . . Self-Inflicted Damage 28 | . . . 11 . 13 4 Shots . | . . . . . . . Rammed 14 | . . . 8 . 3 3 Targets Rammed 14 | . . . 8 . 3 3 Kicked . | . . . . . . . Crushed . | . . . . . . . Highest Temperature . | . . . . . . . Average Temperature . | . . . . . . . Received Heat Transfer 474 | . . . 183 153 75 63 Siege Activations . | . . . . . . . Robots Corrupted . | . . . . . . . Combat Hostiles . | . . . . . . . Parts Fried . | . . . . . . . Impact Corruptions . | . . . . . . . Robots Melted . | . . . . . . . Combat Hostiles . | . . . . . . . Parts Melted . | . . . . . . . Heat Transferred . | . . . . . . . Parts Sabotaged . | . . . . . . . Parts Stolen . | . . . . . . . Parts Stripped . | . . . . . . . Power Chain Reactions . | . . . . . . . Missiles Intercepted . | . . . . . . . Alert | -11 -10 -10 -9 -8 -7 -6 ------- Run | Scr Mat Min Mat Mat Fac Fac Peak Influence 276 | . . . 39 140 243 276 Initial 119 | . . . . 11 63 119 Average 114 | . . . 16 56 131 155 Maximum Alert Level 1 | . . . . . 1 1 Low Security (%) 91 | 100 100 100 100 100 95 82 Level 1 8 | . . . . . 4 17 Level 2 . | . . . . . . . Level 3 . | . . . . . . . Level 4 . | . . . . . . . Level 5 . | . . . . . . . High Security . | . . . . . . . Max Security . | . . . . . . . Squads Dispatched 12 | . . . 3 1 3 5 Investigation 6 | . . . 3 . 1 2 Extermination . | . . . . . . . Reinforcement 6 | . . . . 1 2 3 Assault . | . . . . . . . Garrison . | . . . . . . . Intercept . | . . . . . . . Construction Impeded . | . . . . . . . Haulers Reinforced . | . . . . . . . Active Scanning Responses . | . . . . . . . Cargo Convoy Interrupts . | . . . . . . . Stealth | -11 -10 -10 -9 -8 -7 -6 --------- Run | Scr Mat Min Mat Mat Fac Fac Distress Signals . | . . . . . . . Communications Jammed . | . . . . . . . Distress Signals . | . . . . . . . Times Spotted 59 | . . . 11 13 12 23 Peak Tracking Total 14 | . . . 11 6 5 14 Tactical Retreats 11 | . . . . 3 3 5 Traps | -11 -10 -10 -9 -8 -7 -6 ------- Run | Scr Mat Min Mat Mat Fac Fac Traps Triggered 4 | . . . 1 . 1 2 Indirectly . | . . . . . . . Trap Hack Attempts . | . . . . . . . Triggered . | . . . . . . . Disarmed . | . . . . . . . Reprogrammed . | . . . . . . . Reused . | . . . . . . . Traps Extracted . | . . . . . . . Installed . | . . . . . . . Triggered . | . . . . . . . Machines | -11 -10 -10 -9 -8 -7 -6 ---------- Run | Scr Mat Min Mat Mat Fac Fac Machines Disabled . | . . . . . . . Max in Single Turn . | . . . . . . . Machines Sabotaged . | . . . . . . . Garrisons Compromised . | . . . . . . . Overloaded Fab Kills . | . . . . . . . Hacking | -11 -10 -10 -9 -8 -7 -6 --------- Run | Scr Mat Min Mat Mat Fac Fac Machines Accessed 9 | . . . 3 1 2 3 Terminals 9 | . . . 3 1 2 3 Fabricators . | . . . . . . . Repair Stations . | . . . . . . . Recycling Units . | . . . . . . . Scanalyzers . | . . . . . . . Garrison Access . | . . . . . . . Total Hacks 24 | . . . 9 2 5 8 Successful 3 | . . . 1 1 . 1 Failed 21 | . . . 8 1 5 7 Catastrophic 9 | . . . 4 . 2 3 Database Lockouts . | . . . . . . . Manual 20 | . . . 9 2 4 5 Terminals 24 | . . . 9 2 5 8 Fabricators . | . . . . . . . Repair Stations . | . . . . . . . Recycling Units . | . . . . . . . Scanalyzers . | . . . . . . . Garrison Access . | . . . . . . . Terminal Hacks 3 | . . . 1 1 . 1 Part Schematic 1 | . . . . . . 1 Level Access Points 2 | . . . 1 1 . . Fabricator Hacks . | . . . . . . . Repair Station Hacks . | . . . . . . . Recycling Unit Hacks . | . . . . . . . Scanalyzer . | . . . . . . . Garrison Access Hacks . | . . . . . . . Unauthorized Hacks . | . . . . . . . Terminals . | . . . . . . . Fabricators . | . . . . . . . Repair Stations . | . . . . . . . Recycling Units . | . . . . . . . Scanalyzers . | . . . . . . . Garrison Access . | . . . . . . . Data Cores Recovered . | . . . . . . . Used . | . . . . . . . Hacking Detections 8 | . . . 3 . 2 3 Full Trace Events 6 | . . . 3 . 1 2 Feedback Events . | . . . . . . . Feedback Blocked . | . . . . . . . Robot Schematics Acquired . | . . . . . . . Robots Built . | . . . . . . . Authchips . | . . . . . . . Time . | . . . . . . . Total Robot Build Rating . | . . . . . . . Part Schematics Acquired 1 | . . . . . . 1 Parts Built . | . . . . . . . Authchips . | . . . . . . . Time . | . . . . . . . Total Part Build Rating . | . . . . . . . Parts Repaired . | . . . . . . . Time . | . . . . . . . Parts Recycled . | . . . . . . . Recycled Matter . | . . . . . . . Retrieved Matter . | . . . . . . . Retrieved Components . | . . . . . . . Parts Scanalyzed . | . . . . . . . Part Schematics Acquired . | . . . . . . . Parts Damaged . | . . . . . . . Bothacking | -11 -10 -10 -9 -8 -7 -6 ------------ Run | Scr Mat Min Mat Mat Fac Fac Used RIF Installer . | . . . . . . . Robots Hacked . | . . . . . . . Non-combat . | . . . . . . . Combat . | . . . . . . . Robot Hacks Applied . | . . . . . . . Relay Couplers Released . | . . . . . . . Fabnet Peak Effective % . | . . . . . . . Robots Rewired . | . . . . . . . Allies Hacked . | . . . . . . . Hacks Repelled . | . . . . . . . Allies | -11 -10 -10 -9 -8 -7 -6 -------- Run | Scr Mat Min Mat Mat Fac Fac Total Allies . | . . . . . . . Largest Group . | . . . . . . . Highest-Rated Group . | . . . . . . . Highest-Rated Ally . | . . . . . . . Total Orders . | . . . . . . . Ally Attacks . | . . . . . . . Total Damage . | . . . . . . . Kills . | . . . . . . . Allies Corrupted . | . . . . . . . Allies Melted . | . . . . . . . Intel | -11 -10 -10 -9 -8 -7 -6 ------- Run | Scr Mat Min Mat Mat Fac Fac Robot Analysis Total . | . . . . . . . Derelict Logs Recovered . | . . . . . . . Drone Launches . | . . . . . . . Drone Recoveries . | . . . . . . . Exploration | -11 -10 -10 -9 -8 -7 -6 ------------- Run | Scr Mat Min Mat Mat Fac Fac Turns Passed 591 | 9 5 19 58 67 184 249 Spaces Moved 1164 | 18 9 32 122 134 361 488 Core 1050 | 18 9 24 16 134 361 488 Treads . | . . . . . . . Legs . | . . . . . . . Wheels . | . . . . . . . Hover . | . . . . . . . Flight 114 | . . 8 106 . . . Fastest Speed 40 | 50 50 40 40 50 50 50 Average Speed 49 | 50 50 47 41 50 50 50 Slowest Speed 50 | 50 50 50 50 50 50 50 Overloaded Moves . | . . . . . . . Propulsion Burnouts . | . . . . . . . Robots Hopped . | . . . . . . . Cave-ins Triggered . | . . . . . . . Exploration Rate (%) 12 | 3 4 16 15 20 15 16 Regions Visited 6 Branch Regions 1 Pre-discovered Areas . | . . . . . . . Known Exits Taken 2 | . . . 1 1 . . Unknown Exits Taken 4 | 1 1 1 . . 1 . Scrap Searched . | . . . . . . . Spaces Dug . | . . . . . . . Terrain Destroyed . | . . . . . . . Melee . | . . . . . . . Projectile . | . . . . . . . AOE . | . . . . . . . Terrain Rammed . | . . . . . . . Walls Destroyed . | . . . . . . . Machines Disabled . | . . . . . . . Actions | -11 -10 -10 -9 -8 -7 -6 --------- Run | Scr Mat Min Mat Mat Fac Fac Total 1177 | 17 8 34 129 133 363 493 Wait 2 | . . 2 . . . . Move 1158 | 17 8 31 121 133 360 488 Hop . | . . . . . . . Pick Up . | . . . . . . . Fast Attach 2 | . . 1 . . . 1 Attach . | . . . . . . . Detach . | . . . . . . . Swap . | . . . . . . . Drop 1 | . . . . . . 1 Fire . | . . . . . . . Melee . | . . . . . . . Ram 14 | . . . 8 . 3 3 Kick . | . . . . . . . Crush . | . . . . . . . Escape Stasis . | . . . . . . . Rewire . | . . . . . . . Trap . | . . . . . . . Miscellaneous . | . . . . . . . Route ------- -11/Scrapyard -10/Materials -10/Mines -9/Materials (discovered 3 exits: *Mat x3) -8/Materials (discovered 3 exits: *Fac x3) -7/Factory -6/Factory (discovered 1 exit: [*Low]) History --------- Turn | Location | Event 4 | -11/Scrapyard | Discovered new exit (range 14) 10 | -11/Scrapyard | Entered Materials 10 | -10/Materials | Discovered new exit (range 9) 15 | -10/Materials | Entered Mines 24 | -10/Mines | Discovered new exit (range 12) 34 | -10/Mines | Entered Materials 34 | -9/Materials | Evolved 2 slots: Utility x2 66 | -9/Materials | Identified exit to Materials 82 | -9/Materials | Core integrity fell below 50% 87 | -9/Materials | Core integrity fell below 20% 92 | -9/Materials | Entered another Materials area 92 | -8/Materials | Evolved 2 slots: Utility x2 113 | -8/Materials | Identified exit to Factory 159 | -8/Materials | Entered Factory 159 | -7/Factory | Evolved 2 slots: Utility x2 317 | -7/Factory | Build established: Mutant 335 | -7/Factory | Discovered new exit (range 14) 343 | -7/Factory | Entered another Factory area 343 | -6/Factory | Evolved 2 slots: Utility x2 549 | -6/Factory | Discovered new exit (range 15) 558 | -6/Factory | Core integrity fell below 50% 584 | -6/Factory | Core integrity fell below 20% 592 | -6/Factory | Destroyed by G-50 Soldier with Heavy Laser Last Messages --------------- Investigation squad. 00522_ U-05 Engineer lays Concrete. 00532_ Penetrated by Slug. 00534_ Knocked back. 00549_ EXIT=FOUND 00564_ ALERT: Suspicious intruders detected, dispatching Cutter reinforcements to area. 00568_ C-30 ARC bursts open, deploying its payload. 00568_ S-27 Virus unfolds itself. 00570_ K-01 Serf collects debris. 00573_ Acquired 5 matter. 00573_ Slammed into K-01 Serf. 00581_ Triggered Shock Trap. 00581_ The floor emits a surge of raw power. 00581_ System corrupted (+1). 00582_ K-01 Serf destroyed. 00582_ Knocked back. 00582_ C-17 Slicer knocked back. 00583_ Knocked back. 00586_ U-05 Engineer lays Concrete. Map ----- +----------------------------------------------------+ | ?????????????????????????????????????????????????? | | ?????????????????????????????????????????????????? | | ?????????????????????????????????????????????????? | | ?????????????????????????????????????????????????? | | ?????????????????????????????????????????????????? | | ?????????????????????????????????????????????????? | | ?????????????????????????????????????????????????? | | ?????????????????????????????????????????????????? | | ?????????????????????????????????????????????????? | | ??????????????????????????????????#########??????? | | ??????????????????????????????????# #??????? | | ????????????????????????###+####### #??????? | | ??????????????????# ##### #??????? | | ??????????????????+ #??????? | | ????????????????????????# #??????? | | ?????#+#?#+#????????????# ####### % #??????? | | ###### #?# #????????????# t#?????# #??????? | | ### #????????????# #?????### ###??????? | | ###??????????# ######??# #????????? | | ""#???? ????# ## ??# #????????? | | ""#????" ""??# ## " " ?# %#????????? | | """ """ T"#???"" """ # ## " " ?# #????????? | | """ """ ""## ?"" """ /g ## " " !# #????????? | | """ " ""## # ## " " # #????????? | | "F" #####+#####?## g ## " " + #????????? | | """ #???# ####### @ # " " # #????????? | | ##### g # " " # #????????? | | """ g T # " " ?# #????????? | | ###### "T" g # " " ?# #????????? | | #????# " " """ ## # ??#% #????????? | | #+###????+ """ ######## ! ??# #????????? | | ?????????# """ #??????####??## ##???###+# | | ?????????# g #????????????# ##### | | ?????????+ #????????##### % | | ?????????####+##+## #???????# H | | ??????????????????# #???????# #### | | ??????????????????# #????????????# ##### | | ??????????????????# #????????????#######???### # | | ??????????????????# #???????????????########?# # | | ??????????????????# #???????????????? [!! #?# # | | ?????###########??# #???????????????? [! #?# # | | ?????# # #?????????????????[! ??# # | | ?????# #????????????????? ??# # | | ?????# #?????????????????? =???# # | | ?????# #?????????????????? ???# # | | ?????# #??????????#########+##### # | | ?????# #??????# < ^ # | | ?????# # #??????????######+## ####### | | ?????# # #??????????????????# #?????? | | ?????# ! # = #?????????????????# #?????? | +----------------------------------------------------+ Best States ------------- Heat Dissipation 37 Energy Generation 5 Energy Capacity 100 Matter Stores 300 Matter Capacity 300 Sight Range 16 Terrain Scan Density 10 Evasion (%) 62 Item Schematics ----------------- Imp. Recalibrator | -6/Factory | Hacked Robot Schematics ------------------ None Fabricated ------------ Nothing Alien Tech Used ----------------- None Achievements -------------- None Challenges ------------ None Game ------ Seed ShockTerrabombAnalyzer Manual? 0 Play Time 00:11:36 Cumulative 1118.4 hours Start 2021.12.21 @ 23:35:21 End 2021.12.21 @ 23:43:44 Sessions 1 Manual Loads 0 Difficulty Rogue Special Mode None Game No. 717 Rogue 704 Adventurer 5 Explorer 8 Win Type - Total 19 Types 10/1/4/4/0/0/0/0/0 Lore% 87 Gallery% 91 Achievement% 81 Wizard Run 0 Options --------- ASCII 0 Keyboard 0 Movement Mouse Keybinds 0 Fullscreen 1 Font 24/Crisp Map View 76x50 Tactical HUD 1 Map Filters NONE Filters NONE Steam 1 RUN: 077de5f5-7070-41df-a3a0-8b535a5bbf42